 Dungeon Crawl Stone Soup version 0.29-a0-925-g0a7a3d12f8 (webtiles) character file.

Game seed: 12106375101155519340

4 kae the Trooper (level 1, -1/18 HPs)
             Began as a Demonspawn Monk on July 29, 2022.
             Slain by a quokka (2 damage)
             ... on level 1 of the Dungeon.
             The game lasted 00:00:25 (160 turns).

kae the Trooper (Demonspawn Monk)                    Turns: 160, Time: 00:00:26

Health: -1/18      AC:  2    Str: 11    XL:     1   Next: 58%
Magic:  1/1        EV: 12    Int: 11    God:
Gold:   0          SH:  0    Dex: 15    Spells: 0/0 levels left

rFire   . . .      SeeInvis .     - Unarmed
rCold   . . .      Faith    .   (no shield)
rNeg    . . .      Spirit   .   a - +0 robe
rPois   .          Reflect  .   (no helmet)
rElec   .          Harm     .   (no cloak)
rCorr   .          Rampage  .   (no gloves)
Will    .....                   (no boots)
Stlth   ++........              (no amulet)
HPRegen 0.06/turn               (no ring)
MPRegen 0.07/turn               (no ring)

@: no status effects
A: no striking features
a: no special abilities


You were on level 1 of the Dungeon.
You visited 1 branch of the dungeon, and saw 1 of its levels.


   Skills:
 - Level 3.0 Fighting
 - Level 2.6 Dodging
 - Level 1.7 Stealth
 + Level 3.0 Unarmed Combat


You couldn't memorise any spells.
You didn't know any spells.
Your spell library was empty.

Inventory:

Armour
 a - a +0 robe (worn)
Jewellery
 S - a +6 ring of strength
   (You found it on level 1 of the Dungeon)
Potions
 b - a potion of ambrosia

Dungeon Overview and Level Annotations

Branches:
Dungeon (1/15) Zot: 5840

Altars:

#.........# #........# #.
########.......# ...
#..............####...
#..........#####......
##................#
.........†........##########
#.......†..#####.+....♣P#P##
............r@....#≈≈≈..♣P#.♣
#################.##≈8....<♣#
#.#≈≈≈..♣P#.♣ #.'....♣P#P##
############


You could see a quokka.


Message History

c - a scroll labelled ROILOI LUTSYM You hit the hobgoblin.
The hobgoblin hits you.
You barely miss the hobgoblin.
The hobgoblin hits you but does no damage. 😕 HP[-2]
You take 2 damage, and now have 16/18 hp.
You hit the hobgoblin but do no damage. You hit the hobgoblin but do no damage.
The hobgoblin hits you. 😮 HP[-4]
You take 4 damage, and now have 12/18 hp.
MASSIVE DAMAGE!! (PAUSE)
You hit the hobgoblin. The hobgoblin hits you. 😮 HP[-2]
You take 2 damage, and now have 10/18 hp.
You hit the hobgoblin but do no damage. The hobgoblin misses you.
Unknown command.
You barely miss the hobgoblin.
The hobgoblin closely misses you. 😮 HP[+1]
You hit the hobgoblin.
You kill the hobgoblin!
You see here a hobgoblin corpse.
You start resting. 😕 HP[+4]
You regained 4 hp, and now have 15/18 hp.
As you read the scroll labelled ROILOI LUTSYM, it crumbles to dust.
You hear a loud clanging noise!
It was a scroll of noise.
You hear a shout! x2; You hear an angry hiss. 2 goblins come into view.
The goblin shouts! x2
There are monsters nearby!
There are monsters nearby!
There are monsters nearby!
You start resting.
A goblin is nearby! 😕 HP[+1]
You closely miss the goblin. The goblin misses you.
You hit the goblin.
The goblin hits you with a +0 club. 😮 HP[-3]
You take 3 damage, and now have 13/18 hp.
You hit the goblin.
You kill the goblin!
You hit the goblin. The goblin barely misses you.
You hit the goblin.
You kill the goblin!
Your Unarmed Combat skill increases to level 3!
No target in view!
No target in view!
Items here: )) ††.
A rat comes into view.
A quokka comes into view.
The quokka moves out of view.
The rat bites you. 😮 HP[-1]
You take 1 damage, and now have 12/18 hp.
You are too injured to fight recklessly!
You are too injured to fight recklessly!
You are too injured to fight recklessly!
You are too injured to fight recklessly!
You are too injured to fight recklessly!
You are too injured to fight recklessly!
You closely miss the rat. The rat bites you. 😮 HP[-1]
You take 1 damage, and now have 11/18 hp.
You hit the rat but do no damage. The rat closely misses you.
You hit the rat but do no damage. The rat bites you. 😮 HP[-1]
You take 1 damage, and now have 10/18 hp.
You hit the rat.
You kill the rat!
You see here a rat corpse. 😮 HP[+1]
You see here a hobgoblin corpse.
Items here: )) ††.
You start resting.
A quokka is nearby! 😮 HP[+1]
A quokka is nearby!
Items here: )) ††.
You barely miss the quokka. The quokka barely misses you.
You hit the quokka. The quokka completely misses you.
You miss the quokka. The quokka bites you.
* * * LOW HITPOINT WARNING * * *
😨 HP[-4]
You take 4 damage, and now have 8/18 hp.
MASSIVE DAMAGE!! (PAUSE)
You miss the quokka. The quokka bites you.
* * * LOW HITPOINT WARNING * * *
😱 HP[-4]
You take 4 damage, and now have 4/18 hp.
MASSIVE DAMAGE!! (PAUSE)
You hit the quokka but do no damage. The quokka barely misses you. x2
You barely miss the quokka. The quokka barely misses you.
Unknown command.
You hit the quokka. The quokka bites you.
* * * LOW HITPOINT WARNING * * *
😱 HP[-3]
You take 3 damage, and now have 1/18 hp.
You hit the quokka but do no damage. The quokka bites you.
You die...

Skill      XL: |  1 |
---------------+----+-----
Unarmed Combat | 3 |  3.0
Fighting       | |  3.0
Dodging        | |  2.6
Stealth        | |  1.7

Action                   || total
-------------------------++-------
Melee: Unarmed           ||    25
  Use: Scroll            ||     1
Armor: Robe              ||     1
Dodge: Dodged            ||    10

Levels and vault maps discovered:
D:1:      tarquinn_simple_flora_water_d, layout_rooms,
          shapermc_ecumenical_altar_ellora

Notes
Turn   | Place    | Note
-------+----------+-------------------------------------------
     0 | D:1      | kae the Demonspawn Monk began the quest for the Orb.
     0 | D:1      | Reached XP level 1. HP: 18/18 MP: 1/1
     0 | D:1      | magus.rc [v1.11.3]
    24 | D:1      | magus.rc [v1.11.3]
   125 | D:1      | Reached skill level 3 in Unarmed Combat
   156 | D:1      | HP: 4/18 [quokka (4)]
   159 | D:1      | HP: 1/18 [quokka (3)]
   160 | D:1      | Slain by a quokka

Vanquished Creatures
  2 goblins (D:1)
  A hobgoblin (D:1)
  A rat (D:1)
4 creatures vanquished.

Table legend:
 A = Non-vault XP
 B = Vault XP
 C = Vault XP percentage of total XP
 D = Non-vault monster count
 E = Vault monster count
 F = Vault count percentage of total count
                 A         B        C        D         E       F
            +---------+---------+-------+---------+---------+-------
      Total |       7 |       0 |   0.0 |       4 |       0 |   0.0
            +---------+---------+-------+---------+---------+-------
        D:1 |       7 |       0 |   0.0 |       4 |       0 |   0.0
            +---------+---------+-------+---------+---------+-------

Illustrated notes

Table legend:
 A = Kills in this place as a percentage of kills in entire the game.
 B = Kills by you in this place as a percentage of kills by you in the entire game.
 C = Kills by friends in this place as a percentage of kills by friends in the entire game.
 D = Other kills in this place as a percentage of other kills in the entire game.
 E = Experience gained in this place as a percentage of experience gained in the entire game.
 F = Experience gained in this place divided by the number of levels of this place that you have seen.
                   A       B       C       D       E      F
               +-------+-------+-------+-------+-------+----------------------
         Total | 100.0 | 100.0 |   N/A |   N/A | 100.0 |   7.0
       Dungeon | 100.0 | 100.0 |   N/A |   N/A | 100.0 |   7.0
               +-------+-------+-------+-------+-------+----------------------

Table legend: (Time is in decaauts)
 A = Elapsed time spent in this place.
 B = Non-inter-level travel time spent in this place.
 C = Inter-level travel time spent in this place.
 D = Time resting spent in this place.
 E = Time spent auto-exploring this place.
 F = Levels seen in this place.
 G = Mean time per level.
                   A        B        C        D        E       F      G
               +--------+--------+--------+--------+--------+-----+--------+
         Total |    158 |    158 |      0 |     78 |     26 |   1 |  158.0 |
       Dungeon |    158 |    158 |      0 |     78 |     26 |   1 |  158.0 |
               +--------+--------+--------+--------+--------+-----+--------+

Top non-repeatable levels by time:
     D:1: 158 daAuts
